 Dungeon Crawl Stone Soup version 0.25.1-2-g60ff931df9 (webtiles) character file.

Game seed: 10689338568940641363

145158 DearestLeader the Severer (level 16, -1/127 HPs)
             Began as a Demonspawn Gladiator on Oct 21, 2020.
             Was the Champion of Qazlal.
             Slain by a spark wasp (15 damage)
             ... on level 4 of the Spider Nest.
             The game lasted 01:25:38 (38284 turns).

DearestLeader the Severer (Demonspawn Gladiator)   Turns: 38284, Time: 01:25:38

Health: -1/127     AC: 26    Str: 21    XL:     16   Next: 86%
Magic:  19/24      EV: 17    Int: 10    God:    Qazlal [******]
Gold:   2772       SH: 13    Dex: 18    Spells: 15/15 levels left

rFire    . . .     SeeInvis .   S - +1 battleaxe (flame)
rCold    . . .     Gourm    .   (shield currently unavailable)
rNeg     + . .     Faith    .   t - +2 plate armour {rN+}
rPois    .         Spirit   .   G - +0 hat
rElec    .         Reflect  +   L - +2 cloak {MR+}
rCorr    .         Harm     .   T - +2 pair of gloves {Dex+3}
MR       ++++.                  c - +0 pair of boots
Stlth    ..........             j - amulet of reflection
HPRegen  0.31/turn              K - ring of protection from magic
MPRegen  0.19/turn              b - ring of protection from magic

@: mighty, repel missiles
A: horns 2, repulsion field 3, demonic guardian 2, powered by pain 2
a: Upheaval, Elemental Force, Disaster Area, Renounce Religion


You were on level 4 of the Spider Nest.
You worshipped Qazlal.
Qazlal was exalted by your worship.
You were not hungry.

You visited 5 branches of the dungeon, and saw 28 of its levels.
You also visited: Ossuary, Bailey, Gauntlet, Ice Cave and Volcano.

You collected 3019 gold pieces.
You spent 247 gold pieces at shops.

Inventory:

Hand Weapons
 S - a +1 battleaxe of flaming (weapon)
 W - a +1 demon trident of draining
 Z - a +0 great mace of holy wrath
Missiles
 d - 4 throwing nets
 v - 104 poisoned darts (quivered)
Armour
 c - a +0 pair of boots (worn)
 g - a +1 plate armour of fire resistance
 t - a +2 plate armour of positive energy (worn)
 x - a +1 cloak of fire resistance
 G - a +0 hat (worn)
 L - a +2 cloak of magic resistance (worn)
 T - a +2 pair of gloves of dexterity (worn)
 X - a +1 cloak of cold resistance
Jewellery
 b - a ring of protection from magic (right hand)
 h - an uncursed ring of protection from cold
 j - an amulet of reflection (around neck)
 p - an uncursed ring of protection from cold
 K - a ring of protection from magic (left hand)
 O - an uncursed ring of see invisible
Wands
 w - a wand of enslavement (16)
 y - a wand of acid (19)
 H - a wand of clouds (6)
 I - a wand of digging (5)
 R - a wand of random effects (66)
 V - a wand of iceblast (19)
Scrolls
 a - 2 scrolls of blinking
 e - 5 scrolls of teleportation
 l - 8 scrolls of fear
 q - a scroll of silence
 s - 7 scrolls of remove curse
 C - 2 scrolls of magic mapping
 E - 9 scrolls of enchant weapon
 J - a scroll of identify
 M - a scroll of summoning
 N - 3 scrolls of fog
 P - 3 scrolls of amnesia
Potions
 i - 8 potions of flight
 k - 6 potions of stabbing
 m - 2 potions of cancellation
 n - a potion of ambrosia
 o - 5 potions of curing
 r - a potion of berserk rage
 u - 6 potions of brilliance
 z - 5 potions of might
 A - 3 potions of heal wounds
 D - a potion of magic
 F - 4 potions of haste
 Q - 4 potions of mutation
Miscellaneous
 U - a phial of floods
 Y - a tin of tremorstones (3/3)
Comestibles
 f - 47 rations
 B - a chunk of flesh


   Skills:
 - Level 12.0 Fighting
 * Level 17.9 Axes
 - Level 1.7 Throwing
 + Level 13.1 Armour
 + Level 10.7 Dodging
 + Level 11.9 Invocations


You had 15 spell levels left.
You didn't know any spells.
Your spell library contained the following spells:

 Spells                   Type           Power        Failure   Level  Hunger
 Animate Skeleton         Necr           N/A          99%         1    ##.....
 Corona                   Hex            #......      99%         1    ##.....
 Foxfire                  Conj/Fire      #...         99%         1    ##.....
 Magic Dart               Conj           #...         99%         1    ##.....
 Pain                     Necr           #...         99%         1    ##.....
 Summon Small Mammal      Summ           #...         99%         1    ##.....
 Call Imp                 Summ           #.......     100%        2    ###....
 Corpse Rot               Necr/Air       N/A          100%        2    ###....
 Ensorcelled Hibernation  Hex/Ice        #.....       100%        2    ###....
 Searing Ray              Conj           #.....       100%        2    ###....
 Slow                     Hex            #.......     100%        2    ###....
 Call Canine Familiar     Summ           #.......     100%        3    ####...
 Confusing Touch          Hex            #.......     100%        3    ####...
 Conjure Flame            Conj/Fire      #.......     100%        3    ####...
 Dazzling Flash           Conj/Hex       #.....       100%        3    ####...
 Inner Flame              Hex/Fire       #.......     100%        3    ####...
 Portal Projectile        Hex/Tloc       #.....       100%        3    ####...
 Recall                   Summ/Tloc      N/A          100%        3    ####...
 Stone Arrow              Conj/Erth      #.....       100%        3    ####...
 Summon Guardian Golem    Hex/Summ       #.......     100%        3    ####...
 Tukima's Dance           Hex            #.......     100%        3    ####...
 Vampiric Draining        Necr           #.........   100%        3    ####...
 Animate Dead             Necr           N/A          100%        4    #####..
 Cause Fear               Hex            #.........   100%        4    #####..
 Fulminant Prism          Conj/Hex       #.........   100%        4    #####..
 Iskenderun's Mystic Bla  Conj/Tloc      #.......     100%        4    #####..
 Leda's Liquefaction      Hex/Erth       #.........   100%        4    #####..
 Sticky Flame             Conj/Fire      #.......     100%        4    #####..
 Summon Ice Beast         Ice/Summ       #.......     100%        4    #####..
 Summon Lightning Spire   Summ/Air       #.......     100%        4    #####..
 Agony                    Necr           #.......     100%        5    ######.
 Borgnjor's Vile Clutch   Necr/Erth      #.........   100%        5    ######.
 Fireball                 Conj/Fire      #.........   100%        5    ######.
 Summon Forest            Summ/Tloc      #.........   100%        5    ######.
 Death Channel            Necr           #.........   100%        6    #######
 Eringya's Noxious Bog    Tmut/Pois      #.........   100%        6    #######
 Hydra Form               Tmut           #.........   100%        6    #######
 Simulacrum               Ice/Necr       #.........   100%        6    #######
 Dragon Form              Tmut           #.........   100%        7    #######
 Malign Gateway           Summ/Tloc      #.........   100%        7    #######
 Monstrous Menagerie      Summ           #.........   100%        7    #######
 Summon Greater Demon     Summ           #.........   100%        7    #######
 Summon Hydra             Summ           #.........   100%        7    #######
 Summon Horrible Things   Summ           #.........   100%        8    #######
 Dragon's Call            Summ           #.........   100%        9    #######


Dungeon Overview and Level Annotations

Branches:
Dungeon (15/15)            Temple (1/1) D:5            Lair (6/6) D:9
 Shoals (0/4) Lair:2       Spider (4/4) Lair:4        Slime (0/5) Lair:5
    Orc (2/2) D:9             Elf (0/3) Orc:2        Vaults (0/5) D:13
 Depths (0/5) D:15        Ossuary (visited)          Bailey (visited)
  IceCv (visited)         Volcano (visited)         Gauntlet (visited)

Altars:
Ashenzari
Cheibriados
Dithmenos
Elyvilon
Fedhas
Gozag
Hepliaklqana
Kikubaaqudgha
Makhleb
Nemelex Xobeh
Okawaru
Qazlal
Ru
Sif Muna
Trog
Uskayaw
Vehumet
Wu Jian
Xom
Yredelemnul
Zin
The Shining One
Beogh
Jiyva

Shops:
D:6 *   D:7 [   D:14 *   Orc:1 ?   Orc:2 (:[*

Portals:
Trove: D:15 (give 2 scrolls of acquirement)

Annotations:
D:7 exclusion: ice statue
D:14 3 runed translucent doors, exclusion: obsidian statue, Elam's ghost, journeyman DDNe
Lair:4 exclusion: oklob plant


Innate Abilities, Weirdness & Mutations

You have a pair of horns on your head.
You are surrounded by a strong repulsion field. (EV +4, RMsl)
A demonic guardian rushes to your aid.
You sometimes gain power by taking damage.


Message History

You hear an angry buzzing noise.
You start resting.
A spark wasp comes into view.
You hear an angry hiss.
The spark wasp bursts into living lightning!
The living lightning hits your ice devil!!
The living lightning misses you.
The spark wasp blinks!
You closely miss the spark wasp.
You feel less protected from physical attacks.
A wolf spider comes into view.
The spark wasp stings you.
* * * LOW HITPOINT WARNING * * *
The spark wasp shocks you!
* * * LOW HITPOINT WARNING * * *
The wolf spider moves out of view.
You barely miss the spark wasp. Your headbutt misses the spark wasp.
The spark wasp stings you.
* * * LOW HITPOINT WARNING * * *
The spark wasp shocks you!
You die...

#####
#(.≈##
#y@°.#
##§†4†#
##☼..†#
..#..§..
#.#^#≈.≈≈.
#.
###≈##.#
## ## .
#s.


You could see a spark wasp and a friendly ice devil (summoned).

Vanquished Creatures
  An Ice Fiend (IceCv)
  An orc warlord (Orc:1)
  3 emperor scorpions
  A spark wasp (Spider:3)
  A minotaur (Gauntlet)
  Josephine (D:14)
  A yaktaur captain (D:15)
  A vault guard (D:13)
  A catoblepas (Gauntlet)
  9 hydras
  A death knight (D:14)
  3 centaur warriors
  7 two-headed ogres
  An ogre mage (D:15)
  A tengu warrior (D:14)
  9 death yaks
  7 orc high priests
  Urug (Lair:3)
  A skeletal warrior (D:14)
  A fire crab (Volcano)
  3 unseen horrors
  A wolf spider zombie (D:14)
  3 wizards
  An orange crystal statue (D:12)
  3 lindwurms
  A phantasmal warrior (D:14)
  4 orb spiders
  12 wolf spiders
  3 orc knights
  5 manticores
  4 orc sorcerers (Orc:2)
  A deep elf mage (D:15)
  2 moths of wrath
  6 ugly things
  2 cyclopes
  7 elephants
  6 black mambas
  2 ice statues
  5 molten gargoyles
  20 spiny frogs
  3 gargoyles
  A yaktaur (D:15)
  Maggie (Lair:2)
  A rime drake (Lair:1)
  4 freezing wraiths (IceCv)
  A redback zombie (D:14)
  6 komodo dragons
  A golden dragon simulacrum (IceCv)
  4 ice devils (IceCv)
  5 anaconda simulacra (IceCv)
  7 demonic crawlers
  A queen bee (shapeshifter) (D:15)
  5 trolls
  A wolf spider simulacrum (IceCv)
  18 jumping spiders
  3 tyrant leeches (Lair:6)
  13 slime creatures
  10 hornets
  13 dream sheep
  26 blink frogs
  4 hippogriffs
  4 wyverns
  54 yaks
  45 redbacks
  16 tarantellas
  A vampire (D:13)
  2 dire elephant simulacra (IceCv)
  A shadow (D:13)
  3 wraiths
  5 fire bats (Volcano)
  4 hogs (D:9)
  A hungry ghost (D:12)
  6 basilisks
  A human (D:9)
  2 steam dragons
  13 vampire mosquitoes
  A soldier ant (D:15)
  5 wargs
  4 harpy simulacra (IceCv)
  2 iron troll simulacra (IceCv)
  2 acid dragons
  A hydra simulacrum (IceCv)
  3 hell hounds (Volcano)
  12 water moccasins
  13 porcupines
  40 orc warriors
  2 sky beasts
  5 ice beasts
  3 phantoms
  15 centaurs
  4 wolves (Gauntlet)
  5 ogres
  14 crocodiles
  A big kobold (D:10)
  28 bullfrogs
  A wyvern zombie (D:7)
  4 scorpions
  A wyvern skeleton (D:13)
  53 killer bees
  A swamp dragon simulacrum (IceCv)
  2 howler monkeys
  11 wights
  5 electric eels
  7 lava snakes
  3 crimson imps
  5 draconian simulacra (IceCv)
  A bullfrog zombie (D:13)
  2 centaur zombies
  4 centaur skeletons
  2 jellies
  3 hounds
  Crazy Yiuf (D:5)
  15 orc priests
  31 orc wizards
  2 bullfrog skeletons
  6 iguanas
  A polar bear simulacrum (IceCv)
  3 worker ants
  A wolf simulacrum (IceCv)
  2 spriggan simulacra (IceCv)
  A troll simulacrum (IceCv)
  3 big kobold zombies (Ossuary)
  2 centaur simulacra (IceCv)
  2 hound skeletons
  2 howler monkey zombies
  2 mummies (Ossuary)
  A worker ant zombie (D:5)
  3 gnolls (D:4)
  12 adders
  4 naga simulacra (IceCv)
  5 ogre simulacra (IceCv)
  4 shadow imps
  4 white imps
  5 ufetubi (IceCv)
  3 oozes
  6 adder zombies (Ossuary)
  An adder skeleton (D:5)
  2 worms
  A dart slug (D:1)
  7 leopard geckos
  108 orcs
  2 ball pythons
  6 giant cockroaches
  4 gnoll zombies (Ossuary)
  11 goblins
  6 hobgoblins
  6 jackals (D:2)
  4 quokkas
  4 bats
  7 frilled lizards
  5 hobgoblin zombies (Ossuary)
  10 kobolds
  4 kobold zombies (Ossuary)
  7 orc zombies (Ossuary)
  7 rats
  3 fungi
  3 plants (Lair:6)
1023 creatures vanquished.

Vanquished Creatures (collateral kills)
  A ghost moth (Spider:4)
  A centaur warrior (D:15)
  A death knight (D:14)
  A fire crab (shapeshifter) (D:13)
  2 orb spiders (Spider:2)
  An ugly thing (D:15)
  A wolf spider (Spider:3)
  A cyclops (D:13)
  A molten gargoyle (Volcano)
  3 demonic crawlers
  2 jumping spiders
  Grinder (D:6)
  A hippogriff (D:10)
  2 hornets
  2 slime creatures
  2 dream sheep
  2 tarantellas
  7 redbacks
  3 wraiths (D:14)
  A fire bat (Volcano)
  A basilisk (Lair:4)
  5 yaks
  A water moccasin (Lair:3)
  A necrophage (D:6)
  2 ogres
  A wight (D:5)
  A lava snake (Volcano)
  A quasit (D:8)
  3 orc priests
  A bullfrog skeleton (D:6)
  5 orcs
58 creatures vanquished.

Vanquished Creatures (others)
  An orc wizard (Orc:2)
  3 ufetubi (IceCv)
  A quokka (D:6)
  3 bushes (Lair:6)
  12 fungi
  70 plants
90 creatures vanquished.

Grand Total: 1171 creatures vanquished

Notes
Turn   | Place    | Note
-------+----------+-------------------------------------------
     0 | D:1      | DearestLeader the Demonspawn Gladiator began the quest for
                  | the Orb.
     0 | D:1      | Reached XP level 1. HP: 16/16 MP: 1/1
   256 | D:1      | Reached skill level 3 in Axes
   360 | D:1      | Gained mutation: You have a pair of small horns on your
                  | head. [demonic ancestry]
   360 | D:1      | Reached XP level 2. HP: 22/22 MP: 2/2
   870 | D:1      | Gained mutation: You sometimes gain a little power by
                  | taking damage. [demonic ancestry]
   870 | D:1      | Reached XP level 3. HP: 25/27 MP: 3/3
  1186 | D:2      | Reached skill level 1 in Armour
  1698 | D:2      | Reached skill level 4 in Axes
  1698 | D:2      | Reached XP level 4. HP: 31/33 MP: 4/4
  2340 | D:3      | Found an ancient bone altar of Kikubaaqudgha.
  2564 | D:3      | Reached XP level 5. HP: 25/38 MP: 5/5
  3105 | D:4      | You fall into a shaft and drop 3 floors!
  3105 | D:7      | Found a shadowy altar of Dithmenos.
  3121 | D:7      | Found a sand-covered staircase.
  3131 | Ossuary  | Entered an ossuary
  3424 | Ossuary  | Reached skill level 5 in Axes
  3609 | Ossuary  | Gained mutation: A weak demonic guardian rushes to your
                  | aid. [demonic ancestry]
  3609 | Ossuary  | Reached XP level 6. HP: 44/44 MP: 6/6
  4179 | D:6      | Noticed Grinder
  4211 | D:6      | Paralysed by Grinder for 2 turns
  4215 | D:6      | Killed Grinder
  4215 | D:6      | Reached skill level 6 in Axes
  4215 | D:6      | Gained mutation: You are surrounded by a mild repulsion
                  | field. (EV +2) [demonic ancestry]
  4215 | D:6      | Reached XP level 7. HP: 26/50 MP: 7/7
  4685 | D:6      | Found Vilasuh's General Store.
  4698 | D:6      | Bought a +0 pair of boots for 45 gold pieces
  4709 | D:5      | Entered Level 5 of the Dungeon
  4715 | D:5      | Found a staircase to the Ecumenical Temple.
  4721 | Temple   | Entered the Ecumenical Temple
  4952 | D:5      | Reached skill level 7 in Axes
  6183 | D:5      | Gained mutation: You have a pair of horns on your head.
                  | [demonic ancestry]
  6183 | D:5      | Reached XP level 8. HP: 56/56 MP: 8/8
  6508 | D:5      | Found a glowing golden altar of the Shining One.
  6697 | D:5      | Found a runed translucent door.
  6698 | D:5      | Noticed Crazy Yiuf
  6859 | D:5      | Reached skill level 8 in Axes
  6961 | D:5      | Killed Crazy Yiuf
  7127 | D:6      | Reached skill level 5 in Armour
  7130 | D:6      | Found a stormy altar of Qazlal.
  7247 | D:6      | Became a worshipper of Qazlal Stormbringer
  7275 | D:6      | Found a white marble altar of Elyvilon.
  7505 | D:7      | Found Umangem's Antique Armour Emporium.
  7512 | D:7      | Bought a pair of embroidered gloves for 202 gold pieces
  7521 | D:7      | Found a burning altar of Makhleb.
  8615 | D:7      | Reached skill level 9 in Axes
  8633 | D:7      | Noticed an ice statue
  8956 | D:8      | Found a glowing silver altar of Zin.
  8957 | D:8      | Found an opulent altar of Gozag.
  8981 | D:8      | Found a sparkling altar of Nemelex Xobeh.
  8984 | D:8      | Found a shimmering blue altar of Sif Muna.
  8984 | D:8      | Found an iron altar of Okawaru.
  8988 | D:8      | Found a shattered altar of Ashenzari.
  8993 | D:8      | Gained mutation: You are surrounded by a moderate repulsion
                  | field. (EV +3) [demonic ancestry]
  8993 | D:8      | Reached XP level 9. HP: 61/61 MP: 9/9
  9541 | D:9      | Noticed an elephant
  9542 | D:9      | Found a staircase to the Lair.
  9627 | D:8      | Killed an elephant
  9627 | D:8      | Reached skill level 10 in Axes
  9918 | D:9      | Found a hide-covered altar of Uskayaw.
  9980 | D:9      | Reached * piety under Qazlal
 10016 | D:9      | Reached skill level 11 in Axes
 10102 | D:9      | Gained mutation: You sometimes gain power by taking damage.
                  | [demonic ancestry]
 10102 | D:9      | Reached XP level 10. HP: 24/67 MP: 10/10
 10365 | D:9      | Reached skill level 1 in Invocations
 11264 | D:9      | Found a roughly hewn altar of Beogh.
 11278 | D:9      | Reached ** piety under Qazlal
 11282 | D:9      | Found a staircase to the Orcish Mines.
 11886 | D:10     | Entered Level 10 of the Dungeon
 11967 | D:10     | Noticed a molten gargoyle
 11994 | D:10     | Killed a molten gargoyle
 11994 | D:10     | Reached skill level 12 in Axes
 12149 | D:10     | Noticed a molten gargoyle
 12173 | D:10     | Killed a molten gargoyle
 12356 | D:10     | Noticed a molten gargoyle
 12357 | D:10     | Noticed a molten gargoyle
 12582 | D:10     | Reached XP level 11. HP: 62/78 MP: 14/14
 12584 | D:10     | Reached skill level 5 in Invocations
 12601 | D:10     | Reached *** piety under Qazlal
 12846 | Lair:1   | Entered Level 1 of the Lair of Beasts
 12935 | Lair:1   | Found a dark tunnel.
 12946 | Volcano  | Entered a volcano
 13345 | Volcano  | Reached skill level 5 in Fighting
 13497 | Volcano  | Found a bloodstained altar of Trog.
 13497 | Volcano  | Noticed a lindwurm
 13506 | Volcano  | Killed a lindwurm
 13513 | Volcano  | Noticed a fire crab
 13522 | Volcano  | Killed a fire crab
 14005 | Lair:1   | Noticed a five-headed hydra
 14017 | Lair:1   | Killed a six-headed hydra
 14017 | Lair:1   | Reached skill level 13 in Axes
 14163 | Lair:1   | Found a glowing silver altar of Zin.
 14196 | Lair:1   | Noticed an eight-headed hydra
 14211 | Lair:1   | Killed an eight-headed hydra
 14690 | Lair:2   | Noticed Maggie
 14695 | Lair:2   | Killed Maggie
 14761 | Lair:2   | Reached XP level 12. HP: 76/86 MP: 17/17
 15074 | Lair:2   | Reached skill level 5 in Dodging
 15263 | Lair:2   | Found a staircase to the Shoals.
 15416 | Lair:2   | Noticed a five-headed hydra
 15426 | Lair:2   | Killed a five-headed hydra
 16044 | Lair:3   | Reached skill level 10 in Armour
 16249 | Lair:3   | Noticed Urug
 16272 | Lair:3   | Reached skill level 14 in Axes
 16278 | Lair:3   | Killed Urug
 16964 | Lair:3   | Reached XP level 13. HP: 65/91 MP: 20/20
 17538 | Lair:4   | Reached skill level 10 in Invocations
 18135 | Lair:4   | Found a hole to the Spider Nest.
 18782 | Lair:5   | Found a staircase to the Slime Pits.
 18782 | Lair:5   | Found a viscous altar of Jiyva.
 19692 | Lair:6   | Entered Level 6 of the Lair of Beasts
 19705 | Lair:5   | Reached skill level 15 in Axes
 20078 | Lair:6   | Reached **** piety under Qazlal
 20360 | Lair:6   | Gained mutation: You are surrounded by a strong repulsion
                  | field. (EV +4, RMsl) [demonic ancestry]
 20360 | Lair:6   | Reached XP level 14. HP: 59/103 MP: 21/21
 22602 | Orc:1    | Entered Level 1 of the Orcish Mines
 22766 | Orc:1    | Found Avofug's Magic Scroll Shop.
 22774 | Orc:1    | Identified a scroll of acquirement
 22781 | Orc:1    | Acquired a +1 pair of gloves of dexterity
 22827 | Orc:1    | Found a roughly hewn altar of Beogh.
 23069 | Orc:2    | Entered Level 2 of the Orcish Mines
 23138 | Orc:2    | Found a staircase to the Elven Halls.
 23880 | Orc:2    | Noticed an orc warlord
 24110 | Orc:1    | Killed an orc warlord
 24110 | Orc:1    | Reached skill level 16 in Axes
 24745 | Orc:2    | Reached skill level 10 in Fighting
 25341 | Orc:2    | Found Wib Soa's Antique Armour Shop.
 25342 | Orc:2    | Found Aficludik's Antique Weapon Boutique.
 25343 | Orc:2    | Found Igajoq's General Store.
 25343 | Orc:2    | Found Puupel Vego's Book Shop.
 25993 | D:10     | Gained mutation: A demonic guardian rushes to your aid.
                  | [demonic ancestry]
 25993 | D:10     | Reached XP level 15. HP: 115/115 MP: 22/22
 26514 | D:11     | Found a gate leading to a gauntlet.
 26526 | Gauntlet | Entered a Gauntlet
 26526 | Gauntlet | Found a transporter.
 26526 | Gauntlet | Found a transporter.
 26526 | Gauntlet | Found a runed translucent door.
 26526 | Gauntlet | Found a runed translucent door.
 26544 | Gauntlet | Found a transporter.
 26544 | Gauntlet | Found a transporter.
 26548 | Gauntlet | Found a transporter.
 26548 | Gauntlet | Found a transporter.
 26575 | Gauntlet | Found a transporter.
 26578 | Gauntlet | Found a transporter.
 26586 | Gauntlet | Found a transporter.
 26602 | Gauntlet | Found a transporter.
 26616 | Gauntlet | Found a transporter.
 26620 | Gauntlet | Found a transporter.
 26937 | Gauntlet | Got a sparkling amethyst amulet
 26941 | Gauntlet | Identified the amulet of Bishefaq {Faith MR+++ Str-5
                  | Dex+10} (You found it in a Gauntlet)
 27067 | Gauntlet | Reached ***** piety under Qazlal
 27711 | D:12     | Found a flagged portal.
 27718 | Bailey   | Entered a bailey
 29929 | D:13     | Found a gate to the Vaults.
 30272 | D:14     | Noticed Josephine
 30281 | D:14     | Killed Josephine
 30828 | D:14     | Found a runed translucent gate.
 30828 | D:14     | Found a runed translucent gate.
 30828 | D:14     | Found a runed translucent gate.
 30829 | D:14     | Found an opulent altar of Gozag.
 30829 | D:14     | Noticed a sphinx
 30829 | D:14     | Noticed Elam's ghost (journeyman DDNe)
 30832 | D:14     | Found Ykleed's Assorted Antiques.
 31471 | D:15     | Entered Level 15 of the Dungeon
 31643 | D:15     | Reached skill level 17 in Axes
 31723 | D:15     | Reached XP level 16. HP: 54/127 MP: 23/23
 32023 | D:15     | Found a staircase to the Depths.
 32094 | D:15     | Found a portal to a secret trove of treasure.
 32242 | D:15     | Found a shimmering blue altar of Sif Muna.
 32800 | Spider:1 | Entered Level 1 of the Spider Nest
 33576 | Spider:2 | Reached skill level 10 in Dodging
 36070 | Spider:2 | Reached ****** piety under Qazlal
 37025 | Spider:4 | Entered Level 4 of the Spider Nest
 37031 | Spider:4 | Found a frozen archway.
 37041 | IceCv    | Entered an ice cave
 37642 | IceCv    | Noticed an Ice Fiend
 37656 | IceCv    | Killed an Ice Fiend
 38284 | Spider:4 | Slain by a spark wasp

Illustrated notes

Levels and vault maps discovered:
D:1:      psy_arrival_statuary, layout_basic, minmay_tiny_reverse_x
D:2:      layout_loops_ring
D:3:      layout_loops_corners, kiku_gazebo_pond_becter, first_ration,
          hangedman_decor_riveting, minmay_lizard_king
D:4:      layout_layer_cave
D:5:      layout_basic, marbit_many_paths, minmay_temple_entry_trees,
          grunt_decor_resistance, uniq_crazy_yiuf_cottage
D:6:      layout_basic, elyvilon_altar_4, kennysheep_mini, serial_shops,
          nicolae_shop_statue_plus, uniq_grinder
D:7:      lemuel_ice_statue, layout_loops_ring, makhleb_heckhound_becter,
          nicolae_overflow_hidden_temple, serial_shops, shop,
          nicolae_ossuary_entry_ruins
D:8:      layout_gridville, grunt_temple_overflow_gold_and_silver,
          grunt_temple_overflow_open
D:9:      wad_woods_minihive, layout_irregular_city,
          eat_drink_and_be_merry_uskayaw, david_lair_generic, david_orc_5,
          grunt_livestock
D:10:     layout_basic, st_stairs_8, hangedman_decor_points,
          hangedman_abyss_or_decor_passed, amethyst_killhole, minivault_8
D:11:     layout_gridville, gauntlet_entry_generic
D:12:     layout_gridville, enter_bailey_3, minmay_strange_pillars,
          minmay_more_statues
D:13:     layout_rooms, david_vaults_5, grunt_ministairs_6
D:14:     layout_irregular_city, ebering_ghost_gozag, uniq_josephine
D:15:     grunt_enter_depths_snipers, layout_loops_cross, lemuel_blue_sif_altar,
          enter_trove_3
Temple:   compressed_dpeg_triangle_lava_temple
Lair:1:   layout_misc_corridors, nicolae_volcano_entry_hallway, basic_altar
Lair:2:   layout_roguey, minmay_shoals_entry_beasts, special_room, uniq_maggie
Lair:3:   cheibrodos_lair_overgrown_chateau, layout_regular_city,
          grunt_megastairs_3, uniq_urug
Lair:4:   layout_small_grid, spider_nest_entry_funnel_web,
          infiniplex_staircase_pool_2, grunt_megastairs_5
Lair:5:   layout_hall_layers, slime_altar_1, beast_lair_carwin_1,
          grunt_megastairs_1, lemuel_fruit_tree
Lair:6:   minmay_lair_end_frog_pond, layout_misc_corridors, serial_rivers,
          chequers_serial_rivers_large_a, chequers_serial_rivers_micro_b,
          chequers_serial_rivers_room_a, chequers_serial_rivers_marsh,
          chequers_serial_rivers_micro_b, chequers_serial_rivers_marsh
Spider:1: layout_spider_delve, guppyfry_spider_mini_3
Spider:2: layout_spider_delve, hangedman_spider_tarantella_strand
Spider:3: layout_spider_delve
Spider:4: guppyfry_spider_rune, portal_ice_cave_entry_pillars_three,
          worms_lemuel
Orc:1:    layout_caves, basic_altar, serial_shops, shop
Orc:2:    st_orc_congregation, layout_caves

Skill      XL: |  1  2  3  4  5  6  7  8  9 10 11 12 13 14 15 16 |
---------------+-------------------------------------------------+-----
Axes           | 3 4 5 6 7 9 11 12 13 14 15 16 17 | 17.9
Dodging        | 3 4 6 7 8 9 10 | 10.7
Armour         | 1 2 3 4 5 7 8 9 10 11 12 13 | 13.1
Invocations    | 4 7 9 10 11 | 11.9
Fighting       | 4 5 7 10 11 12 | 12.0
Throwing       | |  1.7

Action                   |  1- 3 |  4- 6 |  7- 9 | 10-12 | 13-15 | 16-18 || total
-------------------------+-------+-------+-------+-------+-------+-------++-------
Melee: War axe           |    81 |   205 |   196 |   589 |   472 |       ||  1543
       Headbutt          |    17 |    32 |    60 |   112 |   279 |   117 ||   617
       Mace              |       |       |   126 |       |       |       ||   126
       Battleaxe         |       |       |       |       |   790 |   463 ||  1253
Throw: Dart              |       |       |       |       |     7 |       ||     7
Invok: Upheaval          |       |       |       |     9 |    29 |     3 ||    41
       Disaster Area     |       |       |       |       |       |     1 ||     1
Evoke: Wand              |       |       |    10 |     1 |       |       ||    11
  Use: Scroll            |       |     8 |     9 |     2 |    16 |     5 ||    40
       Potion            |       |       |     2 |     4 |     1 |     7 ||    14
 Stab: Distracted        |       |       |     1 |     9 |     2 |     1 ||    13
       Held in net/web   |       |       |       |       |       |     1 ||     1
  Eat: Chunk             |     2 |     5 |    13 |    11 |    38 |     8 ||    77
       Ration            |       |     1 |     2 |     3 |     3 |     4 ||    13
Armor: Ring mail         |    29 |    53 |    33 |       |       |       ||   115
       Chain mail        |       |       |    95 |   263 |   128 |       ||   486
       Plate armour      |       |       |       |       |   291 |   267 ||   558
Dodge: Dodged            |    53 |    98 |   185 |   313 |   660 |   406 ||  1715
       Repelled          |       |       |       |       |    21 |       ||    21
Block: Other             |       |    19 |    82 |   258 |   593 |   364 ||  1316
       Reflection        |       |       |     2 |     9 |    25 |       ||    36
